cohdb
Replays
Latest Replays
All Replays
Popular Replays
Top Player Replays
Match Explorer
How It Works
Community
CoH3 Stats
Reddit
Sign in to upload your games and track your stats! →
Sign in with Steam
Match 42341659
Unlisted
Match 42341659
Overview
Messages
Build Orders
End
Pioneer Squad
Construct Infanterie Kompanie
Grenadier Squad
MG 42 Machine Gun Team
Grenadier Squad
Construct Luftwaffe Kompanie
221 Scout Car
Medical Bunker
Jäger Squad
Jäger Squad
Selects Mechanized Battlegroup
Selects Raid Package
Selects StuG Assault Group
StuG Assault Group
Pioneer Squad
Luftwaffe Officer Quarters
Pioneer Squad
Jäger Squad
Nubbl0r
Galaxy
0
0
Comments
sign in to comment!
No comments posted yet!